| TOP OF THE 1ST |
|
Lowell Spinners batting - Pitching for Aberdeen Ironbirds : LHP Luis Perez
|
|
Pitching: LHP Luis Perez
|
|
|
Batting: RHB Sal Rivera
|
0-0: Ball 1-0: Called Strike 1-1: Called Strike 1-2: Ball 2-2: Ground out 6-3 (Groundball, 56, EV 90.6 MPH)
|
|
Batting: LHB Sergio Tinoco
|
0-0: Swinging Strike 0-1: Foul Ball, location: 2F 0-2: Ball 1-2: Strikes out swinging
|
|
Batting: RHB Paul Long
|
0-0: Ball 1-0: Ball 2-0: Foul Ball, location: 2F 2-1: SINGLE (Groundball, 56D, EV 105.0 MPH)
|
|
Batting: LHB Frank Olivo
|
0-0: Called Strike 0-1: Called Strike 0-2: Ball 1-2: Strikes out swinging
|
| Top of the 1st over - 0 runs, 1 hit, 0 errors, 1 left on base; Lowell 0 - Aberdeen 0 |
| BOTTOM OF THE 1ST |
|
Aberdeen Ironbirds batting - Pitching for Lowell Spinners : RHP Javier Trujillo
|
|
Pitching: RHP Javier Trujillo
|
|
|
Batting: LHB Miguel Medina
|
0-0: Ball 1-0: Ball 2-0: Ball 3-0: Base on Balls
|
|
Batting: RHB Tony Godley
|
0-0: Ball 1-0: SINGLE (Line Drive, 56D, EV 95.0 MPH) Miguel Medina to second
|
|
Batting: LHB Adam Oldfield
|
0-0: Swinging Strike 0-1: DOUBLE (Line Drive, 9LS, EV 104.4 MPH) Miguel Medina scores Tony Godley to third Runner from 3rd tries for Home, SAFE, throw by RF to trailing runner, OUT at third! 9-3-5
|
|
Batting: RHB Daniel Jackson
|
0-0: Called Strike 0-1: Foul Ball, location: 2F 0-2: Ball 1-2: Foul Ball, location: 2F 1-2: Ball 2-2: Ball 3-2: Strikes out swinging
|
|
Batting: RHB Ray Sims
|
0-0: Called Strike 0-1: Ball 1-1: Ball 2-1: Foul Ball, location: 2F 2-2: Foul Ball, location: 2F 2-2: Foul Ball, location: 2F 2-2: Ground out 6-3 (Groundball, 6, EV 103.1 MPH)
|
| Bottom of the 1st over - 2 runs, 2 hits, 0 errors, 0 left on base; Lowell 0 - Aberdeen 2 |
| TOP OF THE 2ND |
|
Lowell Spinners batting - Pitching for Aberdeen Ironbirds : LHP Luis Perez
|
|
Batting: RHB Travis Campbell
|
0-0: Ball 1-0: Called Strike 1-1: Foul Ball, location: 2F 1-2: Strikes out swinging
|
|
Batting: RHB Joe Sandoval
|
0-0: Foul Ball, location: 2F 0-1: Foul Ball, location: 2F 0-2: Strikes out looking
|
|
Batting: RHB Jose Molina
|
0-0: SINGLE (Line Drive, 6M, EV 96.9 MPH)
|
|
Batting: RHB Dominique Paolozzi
|
0-0: Ball 1-0: Called Strike 1-1: Fly out, F7 (Flyball, 78M, EV 93.1 MPH)
|
| Top of the 2nd over - 0 runs, 1 hit, 0 errors, 1 left on base; Lowell 0 - Aberdeen 2 |
| BOTTOM OF THE 2ND |
|
Aberdeen Ironbirds batting - Pitching for Lowell Spinners : RHP Javier Trujillo
|
|
Batting: RHB Dave Perron
|
0-0: Ball 1-0: Fly out, F8 (Flyball, 89M, EV 76.2 MPH)
|
|
Batting: LHB Shane Cruse
|
0-0: Called Strike 0-1: Foul Ball, location: 2F 0-2: Strikes out looking
|
|
Batting: RHB Matt Berrier
|
0-0: Foul Ball, location: 2F 0-1: Fly out, F7 (Flyball, 7, EV 88.8 MPH)
|
| Bottom of the 2nd over - 0 runs, 0 hits, 0 errors, 0 left on base; Lowell 0 - Aberdeen 2 |
| TOP OF THE 3RD |
|
Lowell Spinners batting - Pitching for Aberdeen Ironbirds : LHP Luis Perez
|
|
Batting: RHB Marco Sianez
|
0-0: Ball 1-0: SINGLE (Flyball, 3D, EV 89.4 MPH)
|
|
Batting: RHB Sal Rivera
|
0-0: Fly out, F9 (Flyball, 9, EV 96.9 MPH)
|
|
Batting: LHB Sergio Tinoco
|
0-0: Called Strike 0-1: Ball 1-1: Swinging Strike 1-2: Foul Ball, location: 2F 1-2: Grounds out, U3 (Groundball, 3L, EV 104.4 MPH)
|
|
Batting: RHB Paul Long
|
0-0: Called Strike 0-1: Ball 1-1: Ball 2-1: Fly out, F7 (Flyball, 7, EV 95.6 MPH)
|
| Top of the 3rd over - 0 runs, 1 hit, 0 errors, 1 left on base; Lowell 0 - Aberdeen 2 |
| BOTTOM OF THE 3RD |
|
Aberdeen Ironbirds batting - Pitching for Lowell Spinners : RHP Javier Trujillo
|
|
Batting: RHB Danny Baeza
|
0-0: Ball 1-0: Called Strike 1-1: Called Strike 1-2: Foul Ball, location: 2F 1-2: Ground out 5-3 (Groundball, 56S, EV 88.1 MPH)
|
|
Batting: LHB Miguel Medina
|
0-0: Foul Ball, location: 2F 0-1: Hit by Pitch
|
|
Batting: RHB Tony Godley
|
0-0: Ball Miguel Medina is caught stealing 2nd base 2-4 1-0: Ball 2-0: Called Strike 2-1: Ball 3-1: Called Strike 3-2: Ground out 4-3 (Groundball, 4, EV 81.9 MPH)
|
| Bottom of the 3rd over - 0 runs, 0 hits, 0 errors, 0 left on base; Lowell 0 - Aberdeen 2 |
| TOP OF THE 4TH |
|
Lowell Spinners batting - Pitching for Aberdeen Ironbirds : LHP Luis Perez
|
|
Batting: LHB Frank Olivo
|
0-0: Fly out, F7 (Flyball, 78D, EV 91.2 MPH)
|
|
Batting: RHB Travis Campbell
|
0-0: Called Strike 0-1: Called Strike 0-2: Ball 1-2: Strikes out swinging
|
|
Batting: RHB Joe Sandoval
|
0-0: Called Strike 0-1: Ball 1-1: Foul Ball, location: 2F 1-2: Strikes out swinging
|
| Top of the 4th over - 0 runs, 0 hits, 0 errors, 0 left on base; Lowell 0 - Aberdeen 2 |
| BOTTOM OF THE 4TH |
|
Aberdeen Ironbirds batting - Pitching for Lowell Spinners : RHP Javier Trujillo
|
|
Batting: LHB Adam Oldfield
|
0-0: Called Strike 0-1: Ball 1-1: Ball 2-1: Foul Ball, location: 2F 2-2: Ball 3-2: Strikes out swinging
|
|
Batting: RHB Daniel Jackson
|
0-0: Called Strike 0-1: Swinging Strike 0-2: Ball 1-2: Ball 2-2: Foul Ball, location: 2F 2-2: Ball 3-2: Strikes out looking
|
|
Batting: RHB Ray Sims
|
0-0: Ball 1-0: Foul Ball, location: 2F 1-1: Called Strike 1-2: Ball 2-2: Strikes out looking
|
| Bottom of the 4th over - 0 runs, 0 hits, 0 errors, 0 left on base; Lowell 0 - Aberdeen 2 |
| TOP OF THE 5TH |
|
Lowell Spinners batting - Pitching for Aberdeen Ironbirds : LHP Luis Perez
|
|
Batting: RHB Jose Molina
|
0-0: Ground out 6-3 (Groundball, 6, EV 89.4 MPH)
|
|
Batting: RHB Dominique Paolozzi
|
0-0: Ball 1-0: Foul Ball, location: 2F 1-1: Foul Ball, location: 2F 1-2: Strikes out swinging, 2-3 out at first.
|
|
Batting: RHB Marco Sianez
|
0-0: Ball 1-0: Called Strike 1-1: Foul Ball, location: 2F 1-2: Ball 2-2: Ball 3-2: Strikes out swinging
|
| Top of the 5th over - 0 runs, 0 hits, 0 errors, 0 left on base; Lowell 0 - Aberdeen 2 |
| BOTTOM OF THE 5TH |
|
Aberdeen Ironbirds batting - Pitching for Lowell Spinners : RHP Javier Trujillo
|
|
Batting: RHB Dave Perron
|
0-0: Ball 1-0: Swinging Strike 1-1: Foul Ball, location: 2F 1-2: Ball 2-2: Strikes out swinging
|
|
Batting: LHB Shane Cruse
|
0-0: Fly out, F9 (Flyball, 89D, EV 98.8 MPH)
|
|
Batting: RHB Matt Berrier
|
0-0: Swinging Strike 0-1: SINGLE (Groundball, 6MD, EV 103.8 MPH)
|
|
Batting: RHB Danny Baeza
|
0-0: Foul Ball, location: 2F 0-1: SINGLE (Groundball, 6MD, EV 103.1 MPH) Matt Berrier to second
|
|
Batting: LHB Miguel Medina
|
0-0: Called Strike 0-1: Ball 1-1: Called Strike 1-2: Ball 2-2: Foul Ball, location: 2F 2-2: Foul Ball, location: 2F 2-2: Strikes out swinging
|
| Bottom of the 5th over - 0 runs, 2 hits, 0 errors, 2 left on base; Lowell 0 - Aberdeen 2 |
| TOP OF THE 6TH |
|
Lowell Spinners batting - Pitching for Aberdeen Ironbirds : LHP Luis Perez
|
|
Batting: RHB Sal Rivera
|
0-0: Called Strike 0-1: Foul Ball, location: 2F 0-2: Ball 1-2: Strikes out looking
|
|
Batting: LHB Sergio Tinoco
|
0-0: Ball 1-0: SINGLE (Groundball, 5D, EV 94.4 MPH)
|
|
Batting: RHB Paul Long
|
0-0: Fly out, F7 (Flyball, 7, EV 90.6 MPH)
|
|
Batting: LHB Frank Olivo
|
0-0: Called Strike 0-1: Fly out, F9 (Flyball, 9LSF, EV 81.2 MPH)
|
| Top of the 6th over - 0 runs, 1 hit, 0 errors, 1 left on base; Lowell 0 - Aberdeen 2 |
| BOTTOM OF THE 6TH |
|
Aberdeen Ironbirds batting - Pitching for Lowell Spinners : RHP Javier Trujillo
|
|
Batting: RHB Tony Godley
|
0-0: Swinging Strike 0-1: Ball 1-1: Ball 2-1: Ball 3-1: Fly out, F8 (Flyball, 8RD, EV 104.4 MPH)
|
|
Batting: LHB Adam Oldfield
|
0-0: Swinging Strike 0-1: Called Strike 0-2: SOLO HOME RUN (Flyball, 89XD, EV 113.8 MPH), Distance : 426 ft
|
|
Batting: RHB Daniel Jackson
|
0-0: Fly out, F7 (Line Drive, 78M, EV 92.5 MPH)
|
|
Batting: RHB Ray Sims
|
0-0: Ball 1-0: Ball 2-0: Fly out, F8 (Flyball, 89M, EV 90.0 MPH)
|
| Bottom of the 6th over - 1 run, 1 hit, 0 errors, 0 left on base; Lowell 0 - Aberdeen 3 |
| TOP OF THE 7TH |
|
Lowell Spinners batting - Pitching for Aberdeen Ironbirds : LHP Luis Perez
|
|
Batting: RHB Travis Campbell
|
0-0: Ball 1-0: Called Strike 1-1: Called Strike 1-2: Fly out, F8 (Flyball, 89M, EV 81.9 MPH)
|
|
Batting: RHB Joe Sandoval
|
0-0: Ball 1-0: Foul Ball, location: 2F 1-1: Ball 2-1: Ball 3-1: Base on Balls
|
|
Batting: RHB Jose Molina
|
0-0: Ball 1-0: Called Strike 1-1: Fly out, F8 (Flyball, 8RD, EV 83.8 MPH)
|
|
Batting: RHB Dominique Paolozzi
|
0-0: Ball Joe Sandoval is caught stealing 2nd base 2-4
|
| Top of the 7th over - 0 runs, 0 hits, 0 errors, 0 left on base; Lowell 0 - Aberdeen 3 |
| BOTTOM OF THE 7TH |
|
Aberdeen Ironbirds batting - Pitching for Lowell Spinners : RHP Javier Trujillo
|
|
Batting: RHB Dave Perron
|
0-0: Ball 1-0: Called Strike 1-1: Ball 2-1: Foul Ball, location: 2F 2-2: Ball 3-2: Foul Ball, location: 2F 3-2: Ground out 4-3 (Groundball, 4, EV 103.1 MPH)
|
|
Batting: LHB Shane Cruse
|
0-0: Called Strike 0-1: Foul Ball, location: 2F 0-2: Strikes out swinging
|
|
Batting: RHB Matt Berrier
|
0-0: Called Strike 0-1: Ball 1-1: Called Strike 1-2: Ball 2-2: Ball 3-2: Ground out 6-3 (Groundball, 6, EV 78.1 MPH)
|
| Bottom of the 7th over - 0 runs, 0 hits, 0 errors, 0 left on base; Lowell 0 - Aberdeen 3 |
| TOP OF THE 8TH |
|
Lowell Spinners batting - Pitching for Aberdeen Ironbirds : LHP Luis Perez
|
|
Now in RF: Ben Sutton
|
|
|
Batting: RHB Dominique Paolozzi
|
0-0: Swinging Strike 0-1: Swinging Strike 0-2: Foul Ball, location: 2F 0-2: Foul Ball, location: 2F 0-2: Strikes out swinging
|
|
Batting: RHB Marco Sianez
|
0-0: Swinging Strike 0-1: Swinging Strike 0-2: Ball 1-2: Strikes out swinging
|
|
Batting: RHB Sal Rivera
|
0-0: Swinging Strike 0-1: Ball 1-1: Called Strike 1-2: Ground out 5-3 (Groundball, 56, EV 96.9 MPH)
|
| Top of the 8th over - 0 runs, 0 hits, 0 errors, 0 left on base; Lowell 0 - Aberdeen 3 |
| BOTTOM OF THE 8TH |
|
Aberdeen Ironbirds batting - Pitching for Lowell Spinners : RHP Javier Trujillo
|
|
Pitching: LHP Chris Woodruff
|
|
|
Batting: RHB Danny Baeza
|
0-0: Swinging Strike 0-1: Ball 1-1: Ball 2-1: Called Strike 2-2: Ball 3-2: Base on Balls
|
|
Batting: LHB Miguel Medina
|
0-0: Sac Bunt to 23 - play at first, batter OUT! 3-4 Danny Baeza to second
|
|
Batting: RHB Tony Godley
|
0-0: Ball 1-0: Ground out 6-3 (Groundball, 6S, EV 90.0 MPH) Danny Baeza to third
|
|
Batting: LHB Adam Oldfield
|
0-0: Swinging Strike 0-1: Ball 1-1: Ball 2-1: Foul Ball, location: 2F 2-2: Strikes out swinging
|
| Bottom of the 8th over - 0 runs, 0 hits, 0 errors, 1 left on base; Lowell 0 - Aberdeen 3 |
| TOP OF THE 9TH |
|
Lowell Spinners batting - Pitching for Aberdeen Ironbirds : LHP Luis Perez
|
|
Pitching: RHP Chris Kimura
|
|
|
Batting: LHB Sergio Tinoco
|
0-0: Called Strike 0-1: Called Strike 0-2: Ball 1-2: Strikes out swinging
|
|
Batting: RHB Paul Long
|
0-0: Foul Ball, location: 2F 0-1: Ball 1-1: Swinging Strike 1-2: Ball 2-2: Ball 3-2: Foul Ball, location: 2F 3-2: Foul Ball, location: 2F 3-2: Base on Balls
|
|
Batting: LHB Frank Olivo
|
0-0: Called Strike 0-1: Called Strike 0-2: Ball 1-2: Foul Ball, location: 2F 1-2: Ball 2-2: Grounds out, U3 (Groundball, 3L, EV 104.4 MPH)
|
|
Batting: RHB Travis Campbell
|
0-0: Called Strike 0-1: Called Strike 0-2: Foul Ball, location: 2F 0-2: Ball 1-2: Ball 2-2: Strikes out swinging
|
| Top of the 9th over - 0 runs, 0 hits, 0 errors, 1 left on base; Lowell 0 - Aberdeen 3 |
|